 Dungeon Crawl Stone Soup version 0.30-a0-292-g0f741e3f8e (webtiles) character file.

Game seed: 16137019920446663836

9 Flugkiller the Cutter (level 2, 22/22 HPs)
             Began as a Demonspawn Gladiator on Oct 17, 2022.
             Quit the game on level 1 of the Dungeon.
             The game lasted 00:00:13 (287 turns).

Flugkiller the Cutter (Demonspawn Gladiator)         Turns: 287, Time: 00:00:14

Health: 22/22      AC:  3    Str: 14    XL:     2   Next: 3%
Magic:  2/2        EV: 12    Int:  9    God:
Gold:   59         SH:  0    Dex: 14    Spells: 1/1 levels left

rFire   . . .      SeeInvis .    a - +0 rapier
rCold   . . .      Faith    .    (no shield)
rNeg    . . .      Spirit   .    b - +0 leather armour
rPois   .          Reflect  .    (helmet restricted)
rElec   .          Harm     .    (no cloak)
rCorr   .          Rampage  .    (no gloves)
Will    .....                    (no boots)
Stlth   +.........               (no amulet)
HPRegen 0.23/turn                (no ring)
MPRegen 0.08/turn                (no ring)

@: no status effects
A: horns 1
a: no special abilities


You were on level 1 of the Dungeon.
You visited 1 branch of the dungeon, and saw 1 of its levels.

You collected 59 gold pieces.

Inventory:

Hand Weapons
 a - a +0 rapier (weapon)
Missiles
 d - 3 throwing nets (quivered)
 e - a javelin
Armour
 b - a +0 leather armour (worn)
 c - a +0 helmet
Scrolls
 f - a scroll of magic mapping {unknown}
 h - a scroll of amnesia {unknown}
 i - a scroll of identify {unknown}
Potions
 g - a potion of might {unknown}


   Skills:
 - Level 2.0 Fighting
 + Level 3.2 Short Blades
 - Level 1.7 Throwing
 - Level 2.6 Dodging


You had one spell level left.
You didn't know any spells.
Your spell library contained the following spells:

 Spells                   Type           Power      Damage    Failure   Level
 Anguish                  Hex/Necr       0%         N/A       99%         4
 Enfeeble                 Hex            0%         N/A       100%        7


Dungeon Overview and Level Annotations

Branches:
Dungeon (1/15) Zot: 5712

Altars:


Innate Abilities, Weirdness & Mutations

You have a pair of small horns on your head.


Message History

An endoplasm comes into view.
The kobold hits you but does no damage.
The endoplasm quivers.
You puncture the kobold!
You kill the kobold!
Found a book of Maledictions.
Things that are here:
a +0 short sword; a kobold corpse You barely miss the endoplasm.
The endoplasm barely misses you.
An endoplasm is nearby!
An endoplasm is nearby!
An endoplasm is nearby!
You puncture the endoplasm!
You kill the endoplasm!
No target in view!
No target in view!
No target in view!
No target in view!
HP restored.
You pick up a book of Maledictions and begin reading...
You add the spells Anguish and Enfeeble to your library.
Found 5 stones.
A kobold and a rat come into view.
There are monsters nearby!
There are monsters nearby!
The kobold shouts!
The kobold hits you but does no damage.
You barely miss the kobold. The kobold hits you but does no damage.
You hit the kobold.
You kill the kobold!
Your Short Blades skill increases to level 3!
You closely miss the rat. The rat closely misses you.
You puncture the rat!
You kill the rat!
No target in view!
No target in view!
No target in view!
No target in view!
No target in view!
No target in view!
No target in view!
Things that are here:
a +0 whip; 4 stones
Found a stone staircase leading down.
There is a stone staircase leading down here.
A rat comes into view.
You see here 8 gold pieces.
A rat is nearby!
You closely miss the rat. Your punch misses the rat. The rat barely misses you.
You hit the rat.
You kill the rat!
No target in view!
No target in view!
No target in view!
No target in view!
You now have 39 gold pieces (gained 8).
A goblin comes into view. It is wielding a +0 club.
The goblin shouts!
A goblin is nearby!
A goblin is nearby!
Found 3 stones.
The goblin barely misses you.
You closely miss the goblin. The goblin barely misses you.
You closely miss the goblin. The goblin hits you with a +0 club.
You hit the goblin.
The goblin is heavily wounded.
The goblin hits you with a +0 club.
You hit the goblin.
You kill the goblin!
No target in view!
No target in view!
Found a dagger.
Things that are here:
a +0 club; a goblin corpse You see here a +0 dagger.
You see here 3 stones.
You now have 51 gold pieces (gained 12).
Found an escape hatch in the floor.
There is an escape hatch in the floor here.
You now have 59 gold pieces (gained 8).
An endoplasm comes into view.
The endoplasm quivers.
The endoplasm moves out of view.
No target in view!
No target in view!
No target in view!
No target in view!
No target in view!
No target in view!
An endoplasm is nearby!
An endoplasm is nearby!
An endoplasm is nearby!
The endoplasm misses you.
You hit the endoplasm.
You kill the endoplasm!
You have reached level 2!
Your demonic ancestry asserts itself...
A pair of horns grows on your head!
Your +0 helmet falls away!
Are you sure you want to abandon this character and quit the game? (Confirm with "yes".)

#.# ## ##.##
#.###...#### #
#.........# #.
#.#...##.# #.#
##....##.#
#.###.##..##.#
#.#.###.....######
#@###...........#
#.# #.###..####.#
...........####>#
.####...#........#
#.####...##.####..#
# #.........# #..#
..........# #..#
.........# #..#
#....#.# #..#


There were no monsters in sight!

Vanquished Creatures
  2 endoplasms (D:1)
  A goblin (D:1)
  2 kobolds (D:1)
  A frilled lizard (D:1)
  2 rats (D:1)
8 creatures vanquished.

Vanquished Creatures (others)
  4 toadstools (D:1)
4 creatures vanquished.

Grand Total: 12 creatures vanquished

Notes
Turn   | Place    | Note
-------+----------+-------------------------------------------
     0 | D:1      | Flugkiller the Demonspawn Gladiator began the quest for the
                  | Orb.
     0 | D:1      | Reached XP level 1. HP: 16/16 MP: 1/1
   171 | D:1      | Reached skill level 3 in Short Blades
   287 | D:1      | Gained mutation: You have a pair of small horns on your
                  | head. [demonic ancestry]
   287 | D:1      | Reached XP level 2. HP: 22/22 MP: 2/2
   287 | D:1      | Quit the game

Illustrated notes

Levels and vault maps discovered:
D:1:      ldierk_walled_garden_2, layout_loops_ring

Skill      XL: |  1 |
---------------+----+-----
Short Blades   | 3 |  3.2
Fighting       | |  2.0
Throwing       | |  1.7
Dodging        | |  2.6

Action                   || total
-------------------------++-------
Melee: Rapier            ||    21
Armor: Leather armour    ||     4
Dodge: Dodged            ||    10

Table legend: (Time is in decaauts)
 A = Elapsed time spent in this place.
 B = Non-inter-level travel time spent in this place.
 C = Inter-level travel time spent in this place.
 D = Time resting spent in this place.
 E = Time spent auto-exploring this place.
 F = Levels seen in this place.
 G = Mean time per level.
                   A        B        C        D        E       F      G
               +--------+--------+--------+--------+--------+-----+--------+
         Total |    288 |    288 |      0 |      0 |    230 |   1 |  288.0 |
       Dungeon |    288 |    288 |      0 |      0 |    230 |   1 |  288.0 |
               +--------+--------+--------+--------+--------+-----+--------+

Top non-repeatable levels by time:
     D:1: 288 daAuts
